 Dungeon Crawl Stone Soup version 0.22-a0-161-g198051c (webtiles) character file.

143 GameOver the Sneak (level 5, -1/42 HPs)
             Began as a Naga Wizard on Feb 11, 2018.
             Slain by Autsider's ghost (10 damage)
             ... on level 3 of the Dungeon.
             The game lasted 00:14:37 (1992 turns).

GameOver the Sneak (Naga Wizard)                    Turns: 1992, Time: 00:14:38

Health: -1/42      AC:  2    Str: 14    XL:     5   Next: 25%
Magic:  9/9        EV: 12    Int: 17    God:
Gold:   99         SH:  0    Dex: 10    Spells: 2/10 levels left

rFire    . . .     SeeInvis +   s - +0 dagger
rCold    . . .     Gourm    .   (no shield)
rNeg     . . .     Faith    .   a - +0 robe
rPois    +         Spirit   .   b - +0 hat
rElec    .         Reflect  .   (no cloak)
rCorr    .         Harm     .   (no gloves)
MR       .....                  (no barding)
Stlth    +++.......             (no amulet)
HPRegen  0.14/turn              o - ring of flight
MPRegen  0.11/turn              (no ring)

@: mighty, very slow
A: large, repulsion field 1, see invisible, blink, deformed body, dopey 1, sense
surroundings 1, poison resistance, slowness 2, slow metabolism 1, spit poison 1,
AC +1
a: Spit Poison, Blink, Evoke Flight


You were on level 3 of the Dungeon.
You were hungry.

You visited 1 branch of the dungeon, and saw 3 of its levels.

You collected 99 gold pieces.

Inventory:

Hand Weapons
 s - a +0 dagger (weapon)
Missiles
 e - 127 stones (quivered)
 h - 5 javelins
 k - 18 sling bullets
 q - 6 tomahawks
Armour
 a - a +0 robe (worn)
 b - a +0 hat (worn)
 n - a +0 leather armour
Jewellery
 o - a ring of flight (left hand)
Scrolls
 f - a scroll of identify
 i - a scroll of immolation
 r - a scroll of amnesia
Potions
 g - a potion of mutation
 j - a potion of might
 l - a potion of curing
 m - 2 potions of heal wounds {unknown}
Books
 c - a book of Minor Magic

   Spells                             Type                      Level
   a - Magic Dart                     Conjuration                  1
   b - Blink                          Translocation                2
   c - Call Imp                       Summoning                    2
   d - Slow                           Hexes                        2
   e - Conjure Flame                  Conjuration/Fire             3
   f - Mephitic Cloud                 Conjuration/Poison/Air       3
Comestibles
 d - 4 rations
 p - a chunk of flesh


   Skills:
 - Level 1.5 Dodging
 + Level 4.6 Stealth
 - Level 3.0 Spellcasting
 * Level 3.3 Conjurations
 - Level 1.0 Summonings
 - Level 1.0 Translocations
 * Level 1.9 Air Magic
 + Level 1.6 Poison Magic


You had 2 spell levels left.
You knew the following spells:

 Your Spells              Type           Power        Failure   Level  Hunger
a - Magic Dart            Conj           ##..         4%          1    None
b - Blink                 Tloc           N/A          17%         2    ##.....
c - Call Imp              Summ           #.......     17%         2    ##.....
d - Mephitic Cloud        Conj/Pois/Air  ##......     21%         3    ###....


Dungeon Overview and Level Annotations

Branches:
Dungeon (3/15)

Altars:
Ru

Annotations:
D:3 Autsider's ghost, amateur DrWn


Innate Abilities, Weirdness & Mutations

You cannot wear boots.
Your serpentine skin is tough. (AC +1)
You have supernaturally acute eyesight. (SInv)
Armour fits poorly on your strangely shaped body.
Your system is resistant to poisons. (rPois)
You cover ground very slowly.
You have a slow metabolism.
You can spit poison.
You are surrounded by a mild repulsion field. (EV +2)
You can translocate small distances at will.
You are dopey. (Int -2)
You passively map a small area around you.


Message History

You begin to radiate repulsive energy.
You feel jittery.
You feel stupid.
You feel a strange attunement to the structure of the dungeons.
Autsider's ghost hits you.
You blink.
You feel slightly more hungry.
You feel sick.
It was a potion of might.
You feel very mighty all of a sudden.
It was a potion of curing.
You feel better.
You fail to use your ability.
Autsider's ghost hits you.
The kobold unwields an uncursed blowgun.
The kobold wields an uncursed dagger.
The kobold hits you with an uncursed dagger.
You blink.
You feel slightly more hungry. Autsider's ghost completely misses you.
The kobold hits you but does no damage. Autsider's ghost closely misses you.
Autsider's ghost hits you!
* * * LOW HITPOINT WARNING * * *
The kobold hits you but does no damage.
Autsider's ghost says, "Are you willing to die fighting?
I was!"
Autsider's ghost hits you!
You die...

#...# #...# * ###...### *
#.......# ######.##.##.#
, ##............#
....#........# * #,
#.#.#........########
#K##[#.#....K@.........#
,
##.#.....(...W..#######.#
* #.....รท(#.......# #.#
#....[.(#.......# #.#
#.##.#(######.### #.# #
#.....####.# ###.#
#........... #...#
,#.#.(..##..... #<###
....).#.##.....# #^#


You could see Autsider's ghost and a kobold.

Vanquished Creatures
  A hound (D:2)
  5 gnolls
  2 adders (D:2)
  2 worms (D:2)
  2 dart slugs
  A ball python (D:2)
  6 bats
  A giant cockroach (D:1)
  3 goblins
  5 hobgoblins
  3 jackals (D:2)
  2 kobolds
  2 frilled lizards
  8 rats
43 creatures vanquished.

Notes
Turn   | Place    | Note
-------+----------+-------------------------------------------
     0 | D:1      | GameOver the Naga Wizard began the quest for the Orb.
     0 | D:1      | Reached XP level 1. HP: 15/15 MP: 4/4
    84 | D:1      | Reached XP level 2. HP: 22/22 MP: 3/6
   335 | D:1      | Reached skill level 4 in Stealth
   335 | D:1      | Reached XP level 3. HP: 15/28 MP: 0/7
   394 | D:1      | Learned a level 2 spell: Blink
   397 | D:1      | Learned a level 2 spell: Call Imp
   401 | D:1      | Learned a level 3 spell: Mephitic Cloud
  1030 | D:2      | Found a sacrificial altar of Ru.
  1342 | D:2      | Reached XP level 4. HP: 36/36 MP: 1/8
  1349 | D:2      | Reached skill level 1 in Air Magic
  1349 | D:2      | Reached skill level 1 in Poison Magic
  1723 | D:2      | Reached XP level 5. HP: 35/42 MP: 0/9
  1973 | D:3      | Noticed Autsider's ghost (amateur DrWn)
  1984 | D:3      | Gained mutation: You are surrounded by a mild repulsion field. (EV +2) [potion of mutation]
  1984 | D:3      | Gained mutation: You can translocate small distances at will. [potion of mutation]
  1984 | D:3      | Gained mutation: You are dopey. (Int -2) [potion of mutation]
  1984 | D:3      | Gained mutation: You passively map a small area around you. [potion of mutation]
  1992 | D:3      | Slain by Autsider's ghost

Vault maps used:
D:1:      lemuel_arrival_broad_hall, minmay_split_cup_large
D:2:      nicolae_ru_the_path_less_chosen
D:3:      lemuel_doored_altar, nicolae_overflow_crystal_walls, uniq_sigmund

Skill      XL: |  1  2  3  4 |
---------------+-------------+-----
Conjurations   | 2 3 |  3.3
Stealth        | 4 |  4.6
Air Magic      | 1 |  1.9
Poison Magic   | 1 |  1.6
Dodging        | |  1.5
Spellcasting   | |  3.0
Summonings     | |  1.0
Translocations | |  1.0

Action                   |  1- 3 |  4- 6 || total
-------------------------+-------+-------++-------
Melee: Unarmed           |     4 |       ||     4
       Whip              |     2 |     6 ||     8
       Spear             |       |     8 ||     8
 Cast: Magic Dart        |    57 |    29 ||    86
       Mephitic Cloud    |     1 |     1 ||     2
 Abil: Spit Poison       |    27 |    22 ||    49
       Blink             |       |     2 ||     2
  Use: Scroll            |       |     3 ||     3
       Potion            |       |     3 ||     3
 Stab: Confused          |       |     2 ||     2
  Eat: Chunk             |     2 |     3 ||     5
Armor: Robe              |    11 |     1 ||    12
Dodge: Dodged            |    21 |    19 ||    40

Table legend:
 A = Spawn XP
 B = Non-spawn XP
 C = Spawn XP percentage of total XP
 D = Spawn monster count
 E = Non-spawn monster count
 F = Spawn count percentage of total count
 G = Total turns spent on level
                    A         B        C        D         E        F      G
               +---------+---------+-------+---------+---------+-------+---------
         Total |       0 |     205 |   0.0 |       0 |      43 |   0.0 |  1992
               +---------+---------+-------+---------+---------+-------+---------
           D:1 |       0 |      45 |   0.0 |       0 |      20 |   0.0 |   513
           D:2 |       0 |     153 |   0.0 |       0 |      20 |   0.0 |  1413
           D:3 |       0 |       7 |   0.0 |       0 |       3 |   0.0 |    66
               +---------+---------+-------+---------+---------+-------+---------
